cohdb
Replays
Latest Replays
All Replays
Popular Replays
Top Player Replays
Match Explorer
How It Works
Community
CoH3 Stats
Reddit
Sign in to upload your games and track your stats! →
Sign in with Steam
Match 46463481
Unlisted
Match 46463481
Overview
Messages
Build Orders
End
Vickers Machine Gun Team
Construct Section Command Post
Selects Air and Sea Battlegroup
Infantry Section
Infantry Section
Royal Engineer Section
Construct Field Infirmary
Construct Platoon Command Post
6-pounder Anti-tank Gun Team
Unlock Bishop Self-propelled Artillery
Selects Supply Surplus
Construct Resource Cache
Construct Resource Cache
Bishop Self-propelled Artillery
Selects UNKNOWN (223837)
Construct Resource Cache
Selects Commando Section Paradrop
Selects Commando Support Section Paradrop
Construct Company Command Post
6-pounder Anti-tank Gun Team
Construct Resource Cache
Centaur IV Medium Tank
Selects Incendiary Bombing Run
Angrybirds
^1Soldat^0James
Daeakdang
rpadi
0
0
Comments
sign in to comment!
No comments posted yet!